 Dungeon Crawl Stone Soup version 0.29.0-4-gdea44cf6ec (webtiles) character file.

Game seed: 12656340200675344534

17788 qw the Cleaver (level 12, -2/72 HPs)
             Began as a Tengu Warper on Aug 29, 2022.
             Was a High Priest of Okawaru.
             Slain by a seven-headed hydra (3 damage)
             ... while petrified by a basilisk
             ... on level 2 of the Lair of Beasts.
             The game lasted 00:09:25 (13169 turns).

qw the Cleaver (Tengu Warper)                      Turns: 13169, Time: 00:09:26

Health: -2/72      AC: 20    Str: 25    XL:     12   Next: 51%
Magic:  15/20      EV:  2    Int: 13    God:    Okawaru [*****.]
Gold:   740        SH:  0    Dex: 21    Spells: 15/15 levels left

rFire   . . .      SeeInvis +   y - -1 demon whip (venom)
rCold   . . .      Faith    .   p - +0 buckler
rNeg    + + +      Spirit   .   a - +0 plate armour of the Stone Wall {Str+3 Slay+5 SInv Stlth+}
rPois   inf        Reflect  .   r - +2 hat {Will+}
rElec   .          Harm     .   h - +0 cloak
rCorr   .          Rampage  .   o - +0 pair of gloves
Will    +....                   (boots unavailable)
Stlth   ..........              q - amulet of the acrobat
HPRegen 0.22/turn               x - +6 ring of dexterity
MPRegen 0.17/turn               f - +6 ring of strength

@: petrified, heroic, finesse-ful, flying quickly and evasively, quick
A: beak, talons 3, nimble flight, large bone plates 1, poison resistance
a: Renounce Religion, Heroism, Finesse, Duel


You were on level 2 of the Lair of Beasts.
You worshipped Okawaru.
Okawaru was extremely pleased with you.
You visited 3 branches of the dungeon, and saw 13 of its levels.

You collected 740 gold pieces.


Innate Abilities, Weirdness & Mutations

You have a beak for a mouth.
You have claws for feet.
Your magical nature lets you fly swiftly and evasively.
You are partially covered in large bone plates. (SH +4)
Your system is resistant to poisons. (rPois)


   Skills:
 - Level 7.0(12.0) Fighting
 - Level 14.1(19.1) Axes
 + Level 3.0(8.0) Throwing
 - Level 7.0(12.0) Armour
 - Level 6.0(11.0) Dodging
 - Level 4.1(9.1) Shields
 - Level 2.0 Spellcasting
 - Level 2.4 Translocations
 + Level 9.5 Invocations


You had 15 spell levels left.
You didn't know any spells.
Your spell library contained the following spells:

 Spells                   Type           Power      Damage    Failure   Level
 Blink                    Tloc           14%        N/A       85%         2
 Gell's Gravitas          Tloc           7%         N/A       97%         3
 Lesser Beckoning         Tloc           7%         N/A       97%         3
 Teleport Other           Tloc           7%         N/A       97%         3
 Manifold Assault         Tloc           7%         N/A       100%        5

Inventory:

Hand Weapons
 y - a -1 demon whip of venom (weapon)
 Y - a +1 war axe
Missiles
 e - 13 boomerangs
 v - 5 silver boomerangs (quivered)
 w - a javelin
Armour
 a - the +0 plate armour of the Stone Wall (worn) {Str+3 Slay+5 SInv Stlth+}
   (You found it on level 5 of the Dungeon)

   Str:       It affects your strength (+3).
   Slay:      It affects your accuracy & damage with ranged weapons and melee
   (+5).
   SInv:      It lets you see invisible.
   Stlth:     It makes you more stealthy.
 h - a +0 cloak (worn)
 o - a +0 pair of gloves (worn)
 p - a +0 buckler (worn)
 r - a +2 hat of willpower (worn)
 s - the +15 Maxwell's patent armour {-Cast -Tele rElec Will+ rCorr}
   (Okawaru gifted it to you on level 1 of the Lair of Beasts)

   rElec:     It insulates you from electricity.
   -Cast:     It prevents spellcasting.
   -Tele:     It prevents most forms of teleportation.
   rCorr:     It protects you from acid and corrosion.
   Will:      It increases your willpower.
Jewellery
 d - a ring of fire
 f - a +6 ring of strength (right hand)
 k - a ring of see invisible
 q - an amulet of the acrobat (around neck)
 x - a +6 ring of dexterity (left hand)
Scrolls
 i - 4 scrolls of teleportation
 m - 3 scrolls of identify
Potions
 b - a potion of haste
 c - 7 potions of curing
 j - a potion of magic
 l - a potion of mutation
 t - 2 potions of heal wounds

Dungeon Overview and Level Annotations

Branches:
Dungeon (10/15)            Temple (1/1) D:4            Lair (2/5) D:9
    Orc (0/2) D:10
  Swamp: Lair:2-3    Shoals: Lair:2-3     Snake: Lair:2-3    Spider: Lair:2-3

Altars:
Ashenzari
Cheibriados
Dithmenos
Elyvilon
Fedhas
Gozag
Hepliaklqana
Kikubaaqudgha
Makhleb
Nemelex Xobeh
Okawaru
Qazlal
Ru
Sif Muna
Trog
Uskayaw
Vehumet
Wu Jian
Xom
Yredelemnul
Zin
The Shining One

Shops:
D:3 =

Annotations:
D:8 2 transporters


Message History

The seven-headed hydra is almost dead.
The seven-headed hydra barely misses you.
You block the seven-headed hydra's attack.
The seven-headed hydra barely misses you.
The seven-headed hydra closely misses you.
The seven-headed hydra barely misses you.
The seven-headed hydra bites you.
The seven-headed hydra bites you but does no damage.
The basilisk bites you but does no damage.
You have turned to stone.
The seven-headed hydra bites you!
The seven-headed hydra bites you but does no damage.
The seven-headed hydra bites you. The seven-headed hydra bites you!
The seven-headed hydra bites you but does no damage. x2
The seven-headed hydra bites you. The basilisk bites you.
The seven-headed hydra bites you but does no damage.
The seven-headed hydra bites you! x2
The seven-headed hydra completely misses you.
The seven-headed hydra barely misses you.
The seven-headed hydra bites you! x2
The basilisk gazes at you. You resist with almost no effort.
The seven-headed hydra bites you but does no damage. x6
The seven-headed hydra bites you. The basilisk gazes at you.
You resist with almost no effort.
The basilisk bites you but does no damage.
The seven-headed hydra bites you.
The seven-headed hydra bites you but does no damage.
The seven-headed hydra bites you.
The seven-headed hydra bites you but does no damage. x3
The seven-headed hydra completely misses you.
The seven-headed hydra bites you!
The seven-headed hydra bites you but does no damage.
The seven-headed hydra bites you. x2
The seven-headed hydra bites you but does no damage. x3
The basilisk bites you but does no damage.
The seven-headed hydra bites you but does no damage. x3
The seven-headed hydra bites you.
You die...

..............##
.............## .
...........# ..
.D.........## ...
............# ....
##.........## .....
#...........#
......#D#.........#
......l@..........#
..................#
...^..............##
........##.......#.#
.......#####.....###
....... #....##
..>.... ###..#
....... ##.# ... ###


You could see a seven-headed hydra (poisoned) and a basilisk.

Vanquished Creatures
  Gastronok (D:10)
  Harold (Lair:1)
  2 hydras
  2 two-headed ogres (D:10)
  Amaemon (D:10)
  5 elephants (Lair:1)
  An orange demon (D:10)
  5 cane toads (Lair:1)
  A rime drake (Lair:1)
  Maggie (Lair:1)
  A komodo dragon (Lair:1)
  Prince Ribbit (D:5)
  A hornet (D:7)
  2 dream sheep (D:9)
  3 blink frogs (Lair:2)
  A wraith (D:8)
  Sigmund (D:6)
  A wyvern (Lair:1)
  7 yaks
  2 steam dragons
  A redback (D:10)
  2 acid dragons
  9 water moccasins
  3 ice beasts
  3 orc warriors
  A sky beast (D:7)
  An ogre (D:6)
  5 centaurs
  3 phantoms (D:5)
  Blork the orc (D:4)
  6 kobold brigands
  8 scorpions
  10 bullfrogs
  A gnoll sergeant (D:8)
  14 howler monkeys
  3 electric eels (D:10)
  6 jellies
  6 orc priests
  A gnoll bouda (D:9)
  6 iguanas
  8 orc wizards
  Robin (D:1)
  7 gnolls
  16 adders
  2 white imps
  3 ufetubi
  A worm (D:2)
  A dart slug (D:3)
  31 orcs
  9 bats
  4 endoplasms
  5 giant cockroaches
  24 goblins
  12 hobgoblins
  4 jackals (D:3)
  17 kobolds
  5 quokkas
  5 ball pythons
  2 frilled lizards
  7 rats
294 creatures vanquished.

Vanquished Creatures (others)
  19 fungi
  5 plants
24 creatures vanquished.

Grand Total: 318 creatures vanquished

Notes
Turn   | Place    | Note
-------+----------+-------------------------------------------
     0 | D:1      | qw the Tengu Warper began the quest for the Orb.
     0 | D:1      | Reached XP level 1. HP: 12/12 MP: 4/4
     0 | D:1      | 0 ||| qw: Version: 0.1-a-89-g26bdef1
     0 | D:1      | 0 ||| qw: Game counter: 3646
     0 | D:1      | 0 ||| qw: Always use a shield: true
     0 | D:1      | 0 ||| qw: God list: Okawaru
     0 | D:1      | 0 ||| qw: Allow faded altars: false
     0 | D:1      | 0 ||| qw: Do Orc after D:15 true
     0 | D:1      | 0 ||| qw: Do second Lair branch before Depths: true
     0 | D:1      | 0 ||| qw: Lair rune preference: random
     0 | D:1      | 0 ||| qw: Plans: Normal
     0 | D:1      | 0 ||| PLANNING D:1-11
   101 | D:1      | Found a faded altar of an unknown god.
   335 | D:1      | Reached XP level 2. HP: 11/17 MP: 6/6
   479 | D:1      | Reached skill level 3 in Axes
   479 | D:1      | 479 ||| Stepping ~*~*~tactically~*~*~ (stealth).
   748 | D:1      | 748 ||| Stepping ~*~*~tactically~*~*~ (stealth).
   763 | D:1      | 763 ||| Stepping ~*~*~tactically~*~*~ (stealth).
   800 | D:1      | 800 ||| Stepping ~*~*~tactically~*~*~ (stealth).
   802 | D:1      | 802 ||| Stepping ~*~*~tactically~*~*~ (stealth).
   806 | D:1      | 806 ||| Stepping ~*~*~tactically~*~*~ (stealth).
   814 | D:1      | Reached XP level 3. HP: 18/21 MP: 7/7
  1177 | D:1      | 1177 ||| UPGRADING to +0 cloak.
  1182 | D:1      | 1182 ||| UPGRADING to +0 ring mail.
  1192 | D:1      | 1192 ||| DROPPING +0 leather armour.
  1193 | D:1      | 1193 ||| READING scroll labelled TIOBOSEFES.
  1194 | D:1      | 1194 ||| READING scroll labelled SEOSHR JAAWK.
  1195 | D:1      | 1195 ||| READING scroll labelled FYHENK ZEMUS.
  1196 | D:1      | 1196 ||| READING scroll labelled ZUCUNOUDUD.
  1197 | D:1      | 1197 ||| DRINKING 2 ruby potions.
  1197 | D:1      | Gained mutation: You are partially covered in large bone
                  | plates. (SH +4) [potion of mutation]
  1197 | D:1      | Gained mutation: Your system is resistant to poisons.
                  | (rPois) [potion of mutation]
  1198 | D:1      | 1198 ||| DROPPING scroll of blinking.
  1211 | D:2      | Noticed Robin
  1212 | D:2      | 1212 ||| STAIRDANCE
  1219 | D:2      | 1219 ||| STAIRDANCE
  1225 | D:1      | Reached skill level 4 in Axes
  1261 | D:2      | 1261 ||| STAIRDANCE
  1268 | D:1      | Killed Robin
  1391 | D:2      | 1391 ||| STAIRDANCE
  1461 | D:2      | 1461 ||| STAIRDANCE
  1581 | D:2      | Reached XP level 4. HP: 22/26 MP: 8/8
  1590 | D:2      | 1590 ||| FLEEEEING.
  1690 | D:2      | 1690 ||| Stepping ~*~*~tactically~*~*~ (stealth).
  1738 | D:2      | You fall into a shaft and drop 1 floor!
  1743 | D:3      | 1743 ||| READING scroll labelled IRUAV WUUM.
  1744 | D:3      | 1744 ||| DRINKING 2 pink potions.
  1745 | D:3      | 1745 ||| DROPPING potion of flight.
  1774 | D:2      | Found a broken altar of Ashenzari.
  2236 | D:2      | 2236 ||| DROPPING scarf of shadows.
  2293 | D:3      | 2293 ||| Stepping ~*~*~tactically~*~*~ (stealth).
  2295 | D:3      | 2295 ||| Stepping ~*~*~tactically~*~*~ (stealth).
  2300 | D:3      | Reached skill level 5 in Axes
  2548 | D:3      | Found Norod's Jewellery Shop.
  2557 | D:3      | 2557 ||| SHOPLISTING +4 ring of protection (504 gold, have
                  | 90).
  2557 | D:3      | 2557 ||| SHOPLISTING amulet of guardian spirit (420 gold,
                  | have 90).
  2557 | D:3      | 2557 ||| SHOPLISTING ring of fire (350 gold, have 90).
  2557 | D:3      | 2557 ||| SHOPLISTING ring of resist corrosion (280 gold,
                  | have 90).
  2591 | D:3      | Gained mutation: Your magical nature lets you fly swiftly
                  | and evasively. [Tengu growth]
  2591 | D:3      | Reached XP level 5. HP: 30/30 MP: 9/9
  2614 | D:3      | 2614 ||| Stepping ~*~*~tactically~*~*~ (hiding).
  2861 | D:3      | Reached skill level 6 in Axes
  3324 | D:3      | 3324 ||| UPGRADING to +0 pair of gloves.
  3329 | D:3      | 3329 ||| READING 2 scrolls labelled NITYGGUMOG.
  3330 | D:3      | 3330 ||| READING 2 scrolls labelled OTOEBO PAXZIEC.
  3331 | D:3      | 3331 ||| DRINKING 2 orange potions.
  3332 | D:3      | 3332 ||| DROPPING scroll of vulnerability.
  3607 | D:4      | Reached XP level 6. HP: 20/35 MP: 10/10
  3779 | D:4      | 3779 ||| Stepping ~*~*~tactically~*~*~ (stealth).
  3791 | D:4      | 3791 ||| Stepping ~*~*~tactically~*~*~ (stealth).
  3803 | D:4      | Reached skill level 7 in Axes
  3874 | D:4      | Reached skill level 3 in Fighting
  4026 | D:4      | Reached XP level 7. HP: 31/41 MP: 11/11
  4099 | D:4      | Found the +7 Singing Sword {vorpal, sonic wave}
  4104 | D:4      | 4104 ||| DROPPING -2 vorpal mace.
  4199 | D:4      | 4199 ||| FLEEEEING.
  4200 | D:4      | 4200 ||| FLEEEEING.
  4201 | D:4      | 4201 ||| FLEEEEING.
  4202 | D:4      | 4202 ||| FLEEEEING.
  4203 | D:4      | 4203 ||| FLEEEEING.
  4204 | D:4      | 4204 ||| FLEEEEING.
  4206 | D:4      | 4206 ||| FLEEEEING.
  4207 | D:4      | 4207 ||| FLEEEEING.
  4208 | D:4      | 4208 ||| FLEEEEING.
  4209 | D:4      | 4209 ||| FLEEEEING.
  4210 | D:4      | 4210 ||| FLEEEEING.
  4211 | D:4      | 4211 ||| FLEEEEING.
  4215 | D:4      | 4215 ||| FLEEEEING.
  4216 | D:4      | 4216 ||| FLEEEEING.
  4217 | D:4      | 4217 ||| FLEEEEING.
  4218 | D:4      | 4218 ||| FLEEEEING.
  4219 | D:4      | 4219 ||| FLEEEEING.
  4220 | D:4      | 4220 ||| FLEEEEING.
  4221 | D:4      | 4221 ||| FLEEEEING.
  4222 | D:4      | 4222 ||| FLEEEEING.
  4223 | D:4      | 4223 ||| FLEEEEING.
  4224 | D:4      | 4224 ||| FLEEEEING.
  4225 | D:4      | 4225 ||| FLEEEEING.
  4226 | D:4      | 4226 ||| FLEEEEING.
  4227 | D:4      | 4227 ||| FLEEEEING.
  4228 | D:4      | 4228 ||| FLEEEEING.
  4229 | D:4      | 4229 ||| FLEEEEING.
  4233 | D:4      | 4233 ||| STAIRDANCE
  4308 | D:3      | 4308 ||| UPGRADING to ring of see invisible.
  4309 | D:3      | 4309 ||| DRINKING 2 golden potions.
  4319 | D:4      | 4319 ||| DROPPING +0 whip.
  4339 | D:4      | Reached skill level 8 in Axes
  4530 | D:4      | Noticed Blork the orc
  4543 | D:4      | Killed Blork the orc
  4544 | D:4      | Reached skill level 3 in Dodging
  4677 | D:4      | Found a staircase to the Ecumenical Temple.
  4678 | D:4      | 4678 ||| PLANNING TEMPLE
  4678 | D:4      | 4678 ||| DROPPING orb of light.
  4679 | D:4      | 4679 ||| UPGRADING to +6 ring of strength.
  4680 | D:4      | 4680 ||| READING 2 scrolls of identify.
  4680 | D:4      | 4680 ||| IDENTIFYING glowing pink potion
  4681 | D:4      | 4681 ||| DROPPING potion of attraction.
  4690 | Temple   | Entered the Ecumenical Temple
  4726 | Temple   | Became a worshipper of Warmaster Okawaru
  4904 | Temple   | 4904 ||| PLANNING D:1-11
  5341 | D:5      | Entered Level 5 of the Dungeon
  5342 | D:5      | 5342 ||| PLANNING OSSUARY
  5527 | D:5      | Noticed Prince Ribbit
  5561 | D:5      | Killed Prince Ribbit
  5562 | D:5      | Reached skill level 9 in Axes
  5562 | D:5      | Reached XP level 8. HP: 23/46 MP: 12/12
  5739 | D:5      | 5739 ||| Stepping ~*~*~tactically~*~*~ (hiding).
  5740 | D:5      | 5740 ||| Stepping ~*~*~tactically~*~*~ (hiding).
  5793 | D:5      | 5793 ||| Stepping ~*~*~tactically~*~*~ (stealth).
  5794 | D:5      | 5794 ||| Stepping ~*~*~tactically~*~*~ (stealth).
  5795 | D:5      | 5795 ||| Stepping ~*~*~tactically~*~*~ (stealth).
  5907 | D:5      | Reached * piety under Okawaru
  5976 | D:5      | 5976 ||| RIP OSSUARY
  5977 | D:5      | 5977 ||| PLANNING D:1-11
  6054 | D:5      | Identified the +0 plate armour of the Stone Wall {Str+3
                  | Slay+5 SInv Stlth+}
  6238 | D:5      | Reached skill level 10 in Axes
  6238 | D:5      | Reached skill level 1 in Invocations
  6249 | D:5      | 6249 ||| INVOKING Heroism.
  6288 | D:5      | 6288 ||| Stepping ~*~*~tactically~*~*~ (stealth).
  6305 | D:5      | 6305 ||| Stepping ~*~*~tactically~*~*~ (stealth).
  6325 | D:5      | 6325 ||| Stepping ~*~*~tactically~*~*~ (stealth).
  6332 | D:5      | 6332 ||| INVOKING Heroism.
  6333 | D:5      | HP: 12/48 [scorpion (4)]
  6334 | D:5      | 6334 ||| DRINKING 2 potions of heal wounds.
  6335 | D:5      | 6335 ||| DRINKING potion of heal wounds.
  6353 | D:5      | 6353 ||| FLEEEEING.
  6354 | D:5      | 6354 ||| FLEEEEING.
  6355 | D:5      | 6355 ||| FLEEEEING.
  6356 | D:5      | 6356 ||| FLEEEEING.
  6357 | D:5      | 6357 ||| FLEEEEING.
  6358 | D:5      | 6358 ||| FLEEEEING.
  6359 | D:5      | 6359 ||| FLEEEEING.
  6361 | D:5      | 6361 ||| FLEEEEING.
  6362 | D:5      | 6362 ||| FLEEEEING.
  6363 | D:5      | 6363 ||| FLEEEEING.
  6366 | D:5      | 6366 ||| FLEEEEING.
  6367 | D:5      | 6367 ||| FLEEEEING.
  6368 | D:5      | 6368 ||| FLEEEEING.
  6369 | D:5      | 6369 ||| FLEEEEING.
  6370 | D:5      | 6370 ||| FLEEEEING.
  6371 | D:5      | 6371 ||| FLEEEEING.
  6372 | D:5      | 6372 ||| FLEEEEING.
  6373 | D:5      | 6373 ||| FLEEEEING.
  6374 | D:5      | 6374 ||| FLEEEEING.
  6375 | D:5      | 6375 ||| FLEEEEING.
  6376 | D:5      | 6376 ||| FLEEEEING.
  6377 | D:5      | 6377 ||| FLEEEEING.
  6378 | D:5      | 6378 ||| FLEEEEING.
  6379 | D:5      | 6379 ||| FLEEEEING.
  6380 | D:5      | 6380 ||| FLEEEEING.
  6381 | D:5      | 6381 ||| FLEEEEING.
  6382 | D:5      | 6382 ||| FLEEEEING.
  6383 | D:5      | 6383 ||| FLEEEEING.
  6384 | D:5      | 6384 ||| FLEEEEING.
  6385 | D:5      | 6385 ||| FLEEEEING.
  6386 | D:5      | 6386 ||| FLEEEEING.
  6387 | D:5      | 6387 ||| FLEEEEING.
  6388 | D:5      | 6388 ||| FLEEEEING.
  6389 | D:5      | 6389 ||| FLEEEEING.
  6390 | D:5      | 6390 ||| FLEEEEING.
  6391 | D:5      | 6391 ||| FLEEEEING.
  6392 | D:5      | 6392 ||| FLEEEEING.
  6393 | D:5      | 6393 ||| FLEEEEING.
  6394 | D:5      | 6394 ||| FLEEEEING.
  6395 | D:5      | 6395 ||| FLEEEEING.
  6396 | D:5      | 6396 ||| FLEEEEING.
  6407 | D:5      | 6407 ||| FLEEEEING.
  6408 | D:5      | 6408 ||| FLEEEEING.
  6409 | D:5      | 6409 ||| FLEEEEING.
  6417 | D:5      | 6417 ||| STAIRDANCE
  6505 | D:4      | 6505 ||| UPGRADING to +0 plate armour of the Stone Wall
                  | {Str+3 Slay+5 SInv Stlth+}.
  6515 | D:4      | 6515 ||| REMOVING ring of see invisible.
  6516 | D:4      | 6516 ||| DROPPING +0 ring mail.
  6517 | D:4      | 6517 ||| UPGRADING to amulet of the acrobat.
  6522 | D:4      | 6522 ||| READING 2 scrolls of identify.
  6522 | D:4      | 6522 ||| IDENTIFYING fuming orange potion
  6610 | D:5      | Reached skill level 3 in Invocations
  6610 | D:5      | Reached XP level 9. HP: 52/52 MP: 13/13
  6749 | D:6      | 6749 ||| Stepping ~*~*~tactically~*~*~ (hiding).
  6780 | D:6      | 6780 ||| Stepping ~*~*~tactically~*~*~ (stealth).
  6782 | D:6      | 6782 ||| Stepping ~*~*~tactically~*~*~ (hiding).
  6787 | D:6      | 6787 ||| INVOKING Heroism.
  6790 | D:6      | Reached skill level 3 in Armour
  6807 | D:6      | Noticed Sigmund
  6809 | D:6      | 6809 ||| INVOKING Heroism.
  6814 | D:6      | Reached ** piety under Okawaru
  6816 | D:6      | Killed Sigmund
  7179 | D:6      | 7179 ||| INVOKING Heroism.
  7212 | D:6      | 7212 ||| INVOKING Heroism.
  7367 | D:6      | 7367 ||| INVOKING Heroism.
  7528 | D:6      | 7528 ||| INVOKING Heroism.
  7620 | D:6      | 7620 ||| READING 3 scrolls labelled DUEM TEREWK.
  7662 | D:7      | Noticed a hornet
  7664 | D:7      | 7664 ||| STAIRDANCE
  7680 | D:7      | Killed a hornet
  7681 | D:7      | 7681 ||| STAIRDANCE
  7804 | D:7      | 7804 ||| INVOKING Heroism.
  7836 | D:7      | 7836 ||| SWAPPING to +0 war axe.
  7854 | D:7      | 7854 ||| DROPPING +0 hand axe.
  7863 | D:7      | Reached skill level 11 in Axes
  7877 | D:7      | 7877 ||| Stepping ~*~*~tactically~*~*~ (hiding).
  7878 | D:7      | 7878 ||| INVOKING Heroism.
  7879 | D:7      | 7879 ||| Stepping ~*~*~tactically~*~*~ (hiding).
  7880 | D:7      | 7880 ||| Stepping ~*~*~tactically~*~*~ (hiding).
  7940 | D:7      | 7940 ||| INVOKING Heroism.
  7968 | D:7      | 7968 ||| INVOKING Heroism.
  8117 | D:7      | 8117 ||| Stepping ~*~*~tactically~*~*~ (stealth).
  8125 | D:7      | Reached XP level 10. HP: 59/59 MP: 14/14
  8409 | D:7      | 8409 ||| READING scroll labelled ANWOCZ XEHO.
  8426 | D:8      | Found a transporter.
  8429 | D:8      | 8429 ||| Stepping ~*~*~tactically~*~*~ (hiding).
  8431 | D:8      | 8431 ||| INVOKING Heroism.
  8443 | D:8      | Reached skill level 12 in Axes
  8449 | D:8      | 8449 ||| INVOKING Heroism.
  8480 | D:8      | 8480 ||| DROPPING +0 flail.
  8529 | D:8      | Found a transporter.
  8575 | D:8      | 8575 ||| Stepping ~*~*~tactically~*~*~ (hiding).
  8581 | D:8      | Reached *** piety under Okawaru
  8693 | D:8      | Reached skill level 6 in Armour
  8817 | D:8      | 8817 ||| Stepping ~*~*~tactically~*~*~ (stealth).
  8818 | D:8      | 8818 ||| Stepping ~*~*~tactically~*~*~ (stealth).
  8820 | D:8      | 8820 ||| Stepping ~*~*~tactically~*~*~ (hiding).
  8821 | D:8      | 8821 ||| Stepping ~*~*~tactically~*~*~ (hiding).
  8902 | D:8      | 8902 ||| Stepping ~*~*~tactically~*~*~ (stealth).
  8939 | D:8      | 8939 ||| Stepping ~*~*~tactically~*~*~ (hiding).
  8941 | D:8      | 8941 ||| Stepping ~*~*~tactically~*~*~ (hiding).
  8945 | D:8      | 8945 ||| INVOKING Heroism.
  8947 | D:8      | Reached skill level 6 in Fighting
  9212 | D:8      | 9212 ||| UPGRADING to +0 buckler.
  9217 | D:8      | 9217 ||| READING 2 scrolls of identify.
  9217 | D:8      | 9217 ||| IDENTIFYING smoky purple potion
  9229 | D:9      | Found a staircase to the Lair.
  9253 | D:9      | Reached skill level 1 in Shields
  9256 | D:9      | 9256 ||| INVOKING Heroism.
  9263 | D:9      | Reached skill level 3 in Shields
  9285 | D:9      | 9285 ||| FLEEEEING.
  9286 | D:9      | 9286 ||| FLEEEEING.
  9287 | D:9      | 9287 ||| FLEEEEING.
  9288 | D:9      | 9288 ||| FLEEEEING.
  9289 | D:9      | 9289 ||| FLEEEEING.
  9290 | D:9      | 9290 ||| FLEEEEING.
  9291 | D:9      | 9291 ||| FLEEEEING.
  9292 | D:9      | 9292 ||| FLEEEEING.
  9293 | D:9      | 9293 ||| FLEEEEING.
  9294 | D:9      | 9294 ||| FLEEEEING.
  9295 | D:9      | 9295 ||| FLEEEEING.
  9296 | D:9      | 9296 ||| STAIRDANCE
  9379 | D:9      | 9379 ||| Stepping ~*~*~tactically~*~*~ (stealth).
  9385 | D:9      | 9385 ||| INVOKING Heroism.
  9395 | D:9      | 9395 ||| Stepping ~*~*~tactically~*~*~ (stealth).
  9402 | D:9      | Reached **** piety under Okawaru
  9418 | D:9      | Noticed a two-headed hydra
  9419 | D:9      | 9419 ||| INVOKING Heroism.
  9423 | D:9      | 9423 ||| SWAPPING to +0 morningstar.
  9429 | D:9      | Killed a two-headed hydra
  9430 | D:9      | Reached skill level 13 in Axes
  9430 | D:9      | 9430 ||| SWAPPING to +1 war axe.
  9432 | D:9      | Reached ***** piety under Okawaru
  9491 | D:9      | 9491 ||| Stepping ~*~*~tactically~*~*~ (hiding).
  9493 | D:9      | 9493 ||| Stepping ~*~*~tactically~*~*~ (hiding).
  9496 | D:9      | 9496 ||| DRINKING 5 potions of curing.
  9496 | D:9      | 9496 ||| (to cure confusion)
  9505 | D:9      | 9505 ||| Stepping ~*~*~tactically~*~*~ (hiding).
  9507 | D:9      | 9507 ||| Stepping ~*~*~tactically~*~*~ (hiding).
  9536 | D:9      | 9536 ||| INVOKING Heroism.
  9538 | D:9      | Reached XP level 11. HP: 64/64 MP: 12/15
  9635 | D:9      | 9635 ||| Stepping ~*~*~tactically~*~*~ (hiding).
  9636 | D:9      | 9636 ||| Stepping ~*~*~tactically~*~*~ (hiding).
  9642 | D:9      | 9642 ||| INVOKING Heroism.
  9648 | D:9      | 9648 ||| Stepping ~*~*~tactically~*~*~ (stealth).
  9661 | D:9      | 9661 ||| Stepping ~*~*~tactically~*~*~ (hiding).
  9685 | D:9      | Found a sacrificial altar of Ru.
  9689 | D:9      | Found an ancient bone altar of Kikubaaqudgha.
  9689 | D:9      | Found a bloodstained altar of Trog.
  9700 | D:9      | Found a white marble altar of Elyvilon.
  9703 | D:9      | Found a shimmering blue altar of Sif Muna.
  9754 | D:9      | Found a radiant altar of Vehumet.
  9757 | D:9      | Found a snail-covered altar of Cheibriados.
  9777 | D:9      | 9777 ||| DROPPING orb of guile.
  9778 | D:9      | 9778 ||| DRINKING 2 blue potions.
  9883 | D:9      | 9883 ||| READING 3 scrolls of identify.
  9883 | D:9      | 9883 ||| IDENTIFYING bubbling red potion
  9884 | D:9      | 9884 ||| READING 2 scrolls of identify.
  9884 | D:9      | 9884 ||| IDENTIFYING red potion
  9885 | D:9      | 9885 ||| DROPPING potion of degeneration.
  9886 | D:9      | 9886 ||| DROPPING potion of berserk rage.
  9950 | D:9      | 9950 ||| READING 4 scrolls of teleportation.
  9951 | D:9      | 9951 ||| STAIRDANCE
 10007 | D:10     | Entered Level 10 of the Dungeon
 10011 | D:10     | 10011 ||| INVOKING Heroism.
 10011 | D:10     | Noticed Gastronok
 10023 | D:10     | Killed Gastronok
 10023 | D:10     | Identified the +0 ring mail of Qengoj {rF++ rN++ Dex+4}
                  | (Okawaru gifted it to you on level 10 of the Dungeon)
 10023 | D:10     | Received a gift from Okawaru
 10024 | D:10     | Reached skill level 6 in Invocations
 10116 | D:10     | 10116 ||| Stepping ~*~*~tactically~*~*~ (hiding).
 10117 | D:10     | 10117 ||| Stepping ~*~*~tactically~*~*~ (hiding).
 10125 | D:10     | 10125 ||| INVOKING Heroism.
 10488 | D:10     | 10488 ||| Stepping ~*~*~tactically~*~*~ (stealth).
 10492 | D:10     | Noticed a two-headed ogre
 10492 | D:10     | 10492 ||| INVOKING Heroism.
 10502 | D:10     | Killed a two-headed ogre
 10683 | D:10     | 10683 ||| Stepping ~*~*~tactically~*~*~ (hiding).
 10685 | D:10     | 10685 ||| Stepping ~*~*~tactically~*~*~ (hiding).
 10687 | D:10     | 10687 ||| INVOKING Heroism.
 10833 | D:10     | 10833 ||| INVOKING Heroism.
 11010 | D:10     | Noticed a two-headed ogre
 11011 | D:10     | 11011 ||| INVOKING Heroism.
 11016 | D:10     | Killed a two-headed ogre
 11153 | D:10     | Found a staircase to the Orcish Mines.
 11268 | D:10     | Noticed Amaemon
 11269 | D:10     | 11269 ||| Stepping ~*~*~tactically~*~*~ (hiding).
 11272 | D:10     | 11272 ||| INVOKING Heroism.
 11278 | D:10     | Killed Amaemon
 11403 | D:10     | 11403 ||| DROPPING +0 morningstar.
 11419 | D:10     | 11419 ||| UPGRADING to +2 hat of willpower.
 11424 | D:10     | 11424 ||| DROPPING +1 hat.
 11425 | D:10     | 11425 ||| UPGRADING to +6 ring of dexterity.
 11426 | D:10     | 11426 ||| DRINKING 2 silvery potions.
 11427 | D:10     | 11427 ||| READING 3 scrolls of identify.
 11427 | D:10     | 11427 ||| IDENTIFYING clear potion
 11428 | D:10     | 11428 ||| DROPPING potion of ambrosia.
 11429 | D:10     | 11429 ||| DROPPING potion of invisibility.
 11456 | D:9      | Found a shadowy altar of Dithmenos.
 11456 | D:9      | Found a glowing golden altar of the Shining One.
 11465 | D:9      | 11465 ||| PLANNING LAIR
 11503 | Lair:1   | Entered Level 1 of the Lair of Beasts
 11504 | Lair:1   | 11504 ||| PLANNING GAUNTLET
 11528 | Lair:1   | 11528 ||| INVOKING Heroism.
 11573 | Lair:1   | 11573 ||| Stepping ~*~*~tactically~*~*~ (stealth).
 11574 | Lair:1   | 11574 ||| Stepping ~*~*~tactically~*~*~ (stealth).
 11587 | Lair:1   | 11587 ||| Stepping ~*~*~tactically~*~*~ (hiding).
 11588 | Lair:1   | 11588 ||| INVOKING Heroism.
 11704 | Lair:1   | 11704 ||| Stepping ~*~*~tactically~*~*~ (stealth).
 11719 | Lair:1   | 11719 ||| Stepping ~*~*~tactically~*~*~ (stealth).
 11742 | Lair:1   | 11742 ||| Stepping ~*~*~tactically~*~*~ (stealth).
 11758 | Lair:1   | 11758 ||| INVOKING Heroism.
 11765 | Lair:1   | Reached skill level 6 in Dodging
 11765 | Lair:1   | Reached XP level 12. HP: 57/70 MP: 17/19
 11960 | Lair:1   | Noticed Maggie
 11974 | Lair:1   | Killed Maggie
 12012 | Lair:1   | Reached skill level 14 in Axes
 12012 | Lair:1   | Noticed an eight-headed hydra
 12013 | Lair:1   | 12013 ||| INVOKING Heroism.
 12014 | Lair:1   | 12014 ||| INVOKING Finesse.
 12015 | Lair:1   | 12015 ||| SWAPPING to -1 demon whip of venom.
 12018 | Lair:1   | Received a gift from Okawaru
 12026 | Lair:1   | Killed an eight-headed hydra
 12027 | Lair:1   | 12027 ||| Stepping ~*~*~tactically~*~*~ (stealth).
 12028 | Lair:1   | 12028 ||| SWAPPING to +1 war axe.
 12051 | Lair:1   | 12051 ||| RIP GAUNTLET
 12058 | Lair:1   | 12058 ||| PLANNING LAIR
 12077 | Lair:1   | Noticed Harold
 12078 | Lair:1   | 12078 ||| INVOKING Heroism.
 12093 | Lair:1   | Killed Harold
 12094 | Lair:1   | Reached skill level 9 in Invocations
 12325 | Lair:1   | Received a gift from Okawaru
 12325 | Lair:1   | Found the +15 Maxwell's patent armour {-Cast -Tele rElec
                  | Will+ rCorr}
 12344 | Lair:1   | 12344 ||| INVOKING Heroism.
 12667 | Lair:1   | 12667 ||| READING scroll labelled YMNEXAIRH OWAUR.
 12768 | Lair:1   | 12768 ||| READING 4 scrolls of identify.
 12768 | Lair:1   | 12768 ||| IDENTIFYING fizzy puce potion
 12769 | Lair:1   | 12769 ||| DROPPING potion of lignification.
 12806 | Lair:2   | 12806 ||| STAIRDANCE
 12891 | Lair:2   | 12891 ||| STAIRDANCE
 12899 | Lair:2   | 12899 ||| STAIRDANCE
 12972 | Lair:2   | Reached skill level 3 in Throwing
 13020 | Lair:2   | 13020 ||| INVOKING Heroism.
 13153 | Lair:2   | Noticed a seven-headed hydra
 13154 | Lair:2   | 13154 ||| Stepping ~*~*~tactically~*~*~ (hiding).
 13156 | Lair:2   | 13156 ||| INVOKING Heroism.
 13157 | Lair:2   | 13157 ||| SWAPPING to -1 demon whip of venom.
 13158 | Lair:2   | 13158 ||| INVOKING Finesse.
 13159 | Lair:2   | 13159 ||| DRINKING potion of cancellation.
 13165 | Lair:2   | HP: 14/72 [seven-headed hydra (5)]
 13168 | Lair:2   | HP: 4/72 [seven-headed hydra (5)]
 13168 | Lair:2   | HP: 1/72 [seven-headed hydra (2)]
 13169 | Lair:2   | Slain by a seven-headed hydra

Levels and vault maps discovered:
D:1:      dpeg_arrival_court, layout_loops_ring,
          shapermc_ecumenical_altar_hornbeckon, feat_on_display
D:2:      cheibrodos_helix_gallery, layout_loops_ring, basic_altar, uniq_robin
D:3:      minmay_angry_zag, layout_loops_ring, serial_shops, shop
D:4:      old_forge, layout_loops_ring, lemuel_temple_firewalk_b,
          uniq_blork_the_orc
D:5:      minmay_octagon_keep, layout_loops_ring,
          nicolae_ossuary_entry_monument, uniq_prince_ribbit1
D:6:      layout_gridville, uniq_sigmund
D:7:      layout_rooms
D:8:      gammafunk_steamed_eel, layout_cave_pools, enter_bailey_3,
          kennysheep_flooded_box, nicolae_two_hexagons, lightli_corner_chamber
D:9:      layout_cross, minmay_overflow_temple_star_hex,
          nicolae_overflow_hidden_temple, lair_entry_dummy, st_stairs_9,
          hangedman_ranch
D:10:     layout_irregular_city, orc_0_dummy, kb_lookout_dungeons_type,
          kennysheep_island_fort, uniq_amaemon, uniq_gastronok
Temple:   oiseaux_autumnal_temple
Lair:1:   layout_chaotic_city, gauntlet_entry_generic, lemuel_fruit_fields,
          uniq_maggie, uniq_harold
Lair:2:   layout_cave_pods, infiniplex_staircase_pool_2

Skill      XL: |  1  2  3  4  5  6  7  8  9 10 11 12 |
---------------+-------------------------------------+-----
Axes           | 3 4 5 6 7 9 10 11 13 14 | 14.1
Fighting       | 3 4 5 6 7 |  7.0
Armour         | 2 5 6 7 |  7.0
Dodging        | 3 4 6 |  6.0
Invocations    | 3 4 5 8 9 |  9.5
Shields        | 3 4 |  4.1
Throwing       | 2 3 |  3.0
Spellcasting   | |  2.0
Translocations | |  2.4

Action                   |  1- 3 |  4- 6 |  7- 9 | 10-12 || total
-------------------------+-------+-------+-------+-------++-------
Melee: Hand axe          |    91 |   191 |   193 |       ||   475
       Kick              |    20 |    41 |    56 |   106 ||   223
       Peck              |    13 |    42 |    43 |    70 ||   168
       Punch             |       |     2 |     1 |       ||     3
       War axe           |       |       |    26 |   266 ||   292
       Morningstar       |       |       |       |     5 ||     5
       Demon whip        |       |       |       |    15 ||    15
Throw: Boomerang         |     7 |    52 |   107 |    65 ||   231
       Javelin           |       |       |       |    11 ||    11
Invok: Heroism           |       |       |    12 |    23 ||    35
       Finesse           |       |       |       |     2 ||     2
  Use: Scroll            |     4 |     3 |     3 |     8 ||    18
       Potion            |     1 |     2 |     3 |     4 ||    10
 Stab: Distracted        |       |       |     1 |       ||     1
Armor: Leather armour    |    19 |       |       |       ||    19
       Ring mail         |    14 |    58 |    23 |       ||    95
       Plate armour      |       |       |    12 |   101 ||   113
Dodge: Dodged            |    46 |   100 |   108 |   116 ||   370
Block: Other             |    11 |    28 |    18 |     9 ||    66
       Buckler           |       |       |       |    88 ||    88

Table legend:
 A = Non-vault XP
 B = Vault XP
 C = Vault XP percentage of total XP
 D = Non-vault monster count
 E = Vault monster count
 F = Vault count percentage of total count
                 A         B        C        D         E       F
            +---------+---------+-------+---------+---------+-------
      Total |   17593 |    7819 |  30.8 |     225 |      69 |  23.5
            +---------+---------+-------+---------+---------+-------
        D:1 |      38 |      32 |  45.7 |      23 |      10 |  30.3
        D:2 |      20 |      17 |  45.9 |      10 |       3 |  23.1
        D:3 |      99 |      22 |  18.2 |      22 |       8 |  26.7
        D:4 |     303 |     493 |  61.9 |      18 |      15 |  45.5
        D:5 |     622 |     816 |  56.7 |      15 |      11 |  42.3
        D:6 |     778 |     226 |  22.5 |      14 |       1 |   6.7
        D:7 |    1265 |       0 |   0.0 |      28 |       0 |   0.0
        D:8 |    1342 |       8 |   0.6 |      25 |       4 |  13.8
        D:9 |    1612 |    1942 |  54.6 |      21 |       9 |  30.0
       D:10 |    2410 |    3015 |  55.6 |      17 |       6 |  26.1
     Lair:1 |    7736 |    1248 |  13.9 |      25 |       2 |   7.4
     Lair:2 |    1368 |       0 |   0.0 |       7 |       0 |   0.0
            +---------+---------+-------+---------+---------+-------
